 Dungeon Crawl Stone Soup version 0.17.1-3-g152610e (webtiles) character file.

434 manyhoops the Chopper (level 7, -1/61 HPs)
             Began as a Hill Orc Fighter on Apr 18, 2016.
             Was a Follower of Okawaru.
             Slain by a sky beast (4 damage)
             ... on level 3 of the Dungeon.
             The game lasted 00:07:03 (3099 turns).

manyhoops the Chopper (Hill Orc Fighter)            Turns: 3099, Time: 00:07:03

Health: -1/61      AC:  8    Str: 21    XL:     7   Next: 0%
Magic:  5/7        EV: 14    Int: 10    God:    Okawaru [*.....]
Gold:   184        SH: 11    Dex: 10    Spells: 0 memorised, 6 levels left

rFire  . . .     SeeInvis .     a - +0 war axe
rCold  . . .     Clarity  .     b - +0 scale mail
rNeg   . . .     SustAt   .     y - +0 shield of Springtime {MR+ Int+2} (curse)
rPois  .         Gourm    .     (no helmet)
rElec  .         Spirit   .     (no cloak)
rCorr  .         Warding  .     (no gloves)
rMut   .         Stasis   .     (no boots)
MR     +....                    r - amulet of rage
Stlth  +.........               (no ring)
                                o - +3 ring of evasion

@: heroism, somewhat resistant to hostile enchantments, very unstealthy
A: no striking features
a: Heroism, Renounce Religion, Evoke Berserk Rage


You were on level 3 of the Dungeon.
You worshipped Okawaru.
Okawaru was aware of your devotion.
You were hungry.

You visited 1 branch of the dungeon, and saw 4 of its levels.

You collected 184 gold pieces.

Inventory:

Hand Weapons
 a - a +0 war axe (weapon)
 c - a +2 spear of venom
Armour
 b - a +0 scale mail (worn)
 s - a +0 shield
 y - the cursed +0 shield of Springtime (worn) {MR+ Int+2}
   (You found it on level 4 of the Dungeon)

   It affects your intelligence (+2).
   It affects your resistance to hostile enchantments.
   It has a curse placed upon it.
Jewellery
 l - an uncursed amulet of warding
 o - a +3 ring of evasion (left hand)
 r - an amulet of rage (around neck)
Wands
 w - a wand of magic darts (24)
Scrolls
 f - a scroll of magic mapping
 i - a scroll of fog
 k - a scroll of amnesia
 m - 3 scrolls of identify {unknown}
 n - 4 scrolls of remove curse
 A - a scroll of teleportation {unknown}
Potions
 d - a potion of might
 g - 3 potions of curing
 h - a potion of degeneration {unknown}
 p - 2 potions of heal wounds {unknown}
 q - a potion of cancellation {unknown}
 t - a potion of lignification {unknown}
 u - 2 potions of haste {unknown}
 v - 2 potions of poison {unknown}
 x - a potion of mutation {unknown}
Comestibles
 e - 2 bread rations
 j - 3 meat rations
 z - a slice of pizza


   Skills:
 + Level 5.5(10.5) Fighting
 + Level 6.1(11.1) Axes
 + Level 5.3(10.3) Armour
 - Level 1.0(6.0) Dodging
 + Level 3.4(8.4) Shields


You had 6 spell levels left.
You didn't know any spells.

Dungeon Overview and Level Annotations

Branches:
Dungeon (4/15)
 Temple: D:4-7

Altars:
Okawaru


Message History

The sky beast hits you but does no damage.
You fail to use your ability.
The sky beast closely misses you.
You barely miss the sky beast.
The sky beast is lightly wounded.
You closely miss the sky beast.
The sky beast is lightly wounded.
The sky beast hits you.
* * * LOW HITPOINT WARNING * * *
The sky beast shocks you.
* * * LOW HITPOINT WARNING * * *
You hit the sky beast but do no damage.
The sky beast is lightly wounded.
The sky beast hits you.
* * * LOW HITPOINT WARNING * * *
The sky beast shocks you.
* * * LOW HITPOINT WARNING * * *
You hit the sky beast.
The sky beast is moderately wounded.
The sky beast hits you.
You die...

#..........##.#..#####.
#.########.##.#..#...#.
##########.# #.##.#..#.#.#.
#.......##.# #.##.#..#.#.#.
#.......##.# #.##.#..#.#.#.
#.......##.# ######.##(#..#<#.#.
#.......##.# #......##.#..#.#.#.
##......†##.###......##.#..#.#.#.
.......)........@Y....>.#..#.#.#.
##.......##.###......#..#..###.#.
##.......##.# #......#..#......#.
.#.......##.# ######.####.######.
.#####.####.## ###.####.# #. .#
#.##....# #........# #.
.#####.##....# #........# #.
.[.........).# #..÷.....######.
[#####.##....#####...............


You could see a sky beast.

Vanquished Creatures
  2 hounds (D:4)
  An orc priest (D:4)
  5 worker ants (D:4)
  A hound skeleton (D:4)
  9 adders
  5 gnolls
  3 worms
  3 giant geckos
  5 orcs
  7 bats
  4 giant cockroaches
  7 hobgoblins
  4 jackals
  7 kobolds
  A giant newt (D:3)
  9 goblins
  3 quokkas
  6 rats
82 creatures vanquished.

Notes
Turn   | Place    | Note
--------------------------------------------------------------
     0 | D:1      | manyhoops the Hill Orc Fighter began the quest for the Orb.
     0 | D:1      | Reached XP level 1. HP: 19/19 MP: 1/1
   175 | D:1      | Reached skill level 4 in Fighting
   175 | D:1      | Reached XP level 2. HP: 21/27 MP: 2/2
   179 | D:1      | Found an iron altar of Okawaru.
   189 | D:1      | Became a worshipper of Warmaster Okawaru
   376 | D:1      | Reached XP level 3. HP: 31/33 MP: 3/3
  1032 | D:2      | Reached XP level 4. HP: 26/41 MP: 4/4
  1336 | D:2      | Reached skill level 1 in Dodging
  1895 | D:3      | Reached XP level 5. HP: 47/47 MP: 5/5
  2716 | D:4      | Reached skill level 5 in Axes
  2721 | D:4      | Reached * piety under Okawaru
  2721 | D:4      | Reached XP level 6. HP: 43/55 MP: 6/6
  2734 | D:4      | Reached skill level 5 in Fighting
  2768 | D:4      | Reached skill level 5 in Armour
  2888 | D:4      | Got a shimmering shield
  2899 | D:4      | Identified the cursed +0 shield of Springtime {MR+ Int+2} (You found it on level 4 of the Dungeon)
  3023 | D:4      | Reached skill level 6 in Axes
  3043 | D:4      | Reached XP level 7. HP: 53/61 MP: 7/7
  3052 | D:4      | Noticed a sky beast
  3098 | D:3      | HP: 2/61 [sky beast (5)]
  3099 | D:3      | Slain by a sky beast

Action                   |  1- 3 |  4- 6 |  7- 9 || total
-------------------------+-------+-------+-------++-------
Melee: War axe           |    70 |   193 |    21 ||   284
Invok: Heroism           |       |       |     1 ||     1
  Use: Scroll            |       |     4 |       ||     4
       Potion            |       |       |     1 ||     1
  Eat: Chunk             |       |     2 |       ||     2
       Meat ration       |       |     1 |       ||     1
